 Dungeon Crawl Stone Soup version 0.18-b1-10-g3f7de93 (webtiles) character file.

1380 Helmschank the Slicer (level 8, -12/43 HPs)
             Began as a Kobold Artificer on Apr 29, 2016.
             Was a Follower of Pakellas.
             Mangled by an ogre
             ... wielding a +0 giant spiked club
              (22 damage)
             ... on level 7 of the Dungeon.
             The game lasted 01:49:15 (6646 turns).

Helmschank the Slicer (Kobold Artificer)            Turns: 6646, Time: 01:49:15

Health: -12/43     AC:  5    Str: 10    XL:     8   Next: 99%
Magic:  13/13      EV: 15    Int: 12    God:    Pakellas [*.....]
Gold:   283        SH:  0    Dex: 16    Spells: 0 memorised, 7 levels left

rFire  + . .     SeeInvis .     a - +2 short sword (elec)
rCold  . . .     Gourm    .     r - +1 leather armour of the Journeyman {*Corrode rElec rF+ Stlth+}
rNeg   . . .     Faith    .     (shield restricted)
rPois  .         Spirit   .     p - +0 helmet
rElec  +         Dismiss  +     (no cloak)
rCorr  .         Reflect  .     (no gloves)
SustAt .         Harm     .     (no boots)
MR     .....                    y - amulet of dismissal
Stlth  +++.......               (no ring)
                                (no ring)

@: not resistant to hostile enchantments, fairly stealthy
A: carnivore 3
a: Quick Charge, Renounce Religion


You were on level 7 of the Dungeon.
You worshipped Pakellas.
Pakellas was aware of your devotion.
You were very full.

You visited 1 branch of the dungeon, and saw 7 of its levels.

You collected 432 gold pieces.
You spent 149 gold pieces at shops.

Inventory:

Hand Weapons
 a - a +2 short sword of electrocution (weapon)
 b - a +5 blowgun
 l - a +0 falchion
 A - a +1 flail of holy wrath
Missiles
 n - 9 sling bullets
 z - 35 stones (quivered)
 E - 9 poisoned needles
Armour
 k - a +0 ring mail
 m - a +1 leather armour of magic resistance
 p - a +0 helmet (worn)
 q - a +0 leather armour
 r - the +1 leather armour of the Journeyman (worn) {*Corrode rElec rF+ Stlth+}
   (You found it on level 4 of the Dungeon)

   It protects you from fire.
   It insulates you from electricity.
   It may corrode you when you take damage.
   It makes you more stealthy.
Jewellery
 y - an amulet of dismissal (around neck)
Wands
 c - a wand of flame (2/48)
 d - a wand of enslavement (13/24)
 e - a wand of random effects (6/48)
 g - a wand of slowing (23/48)
 v - a wand of iceblast (0/15)
Scrolls
 j - 4 scrolls of identify
 x - a scroll of teleportation
 C - a scroll of random uselessness {unknown}
Potions
 o - 2 potions of degeneration
 t - a potion of agility
 u - a potion of lignification
 w - a potion of flight
 B - a potion of cure mutation {unknown}
Books
 h - a book of Cantrips

   Spells                             Type                      Level
   a - Corona                         Hexes                        1
   b - Animate Skeleton               Necromancy                   1
   c - Summon Small Mammal            Summoning                    1
   d - Apportation                    Translocation                1
Comestibles
 f - 3 meat rations
 i - 2 royal jellies
 s - 2 chunks of flesh


   Skills:
 + Level 1.1 Fighting
 * Level 9.7 Short Blades
 - Level 3.9 Armour
 + Level 3.1 Dodging
 - Level 1.3 Stealth
 - Level 7.0 Evocations


You had 7 spell levels left.
You didn't know any spells.

Dungeon Overview and Level Annotations

Branches:
Dungeon (7/15)
 Temple: D:4-7

Altars:
Ashenzari
Dithmenos
Fedhas
Gozag
Pakellas

Shops:
D:5 (


Innate Abilities, Weirdness & Mutations

You are small and have problems with some larger weapons.
You are carnivorous and can eat meat at any time.


Message History

The ogre is moderately wounded.
You hit the ogre.
The ogre is moderately wounded.
The ogre misses you.
You hit the ogre.
The ogre is heavily wounded.
You barely miss the ogre.
The ogre is heavily wounded.
You puncture the ogre!
The ogre is severely wounded.
The ogre hits you with a giant spiked club!
* * * LOW HITPOINT WARNING * * *
You hit the ogre.
The ogre is severely wounded.
You hit the ogre.
The ogre is severely wounded.
The ogre hits you with a giant spiked club!!
Ouch! That really hurt!
You die...
Pakellas says: Good help is so hard to find these days!

...## ....###
_..... ....#
...# .(# ##O#
.#.####@.#####.
ol.....<......?
.#.#..#.#######
#..#.# ## #.#
..# ###


You could see an ogre, an orc priest (sleeping) and a giant gecko (paralysed).

Vanquished Creatures
  The ghost of MagicLamp the Destroyer, a novice TeFE (D:5)
  Eustachio (D:4)
  An orc warrior (D:6)
  An ogre (D:4)
  2 giant frogs (D:6)
  A scorpion (D:2)
  2 wights (D:4)
  A howler monkey (D:5)
  2 jellies
  A hound (D:4)
  An orc priest (D:5)
  A centaur zombie (D:6)
  2 orc wizards (D:5)
  An iguana (D:6)
  A worker ant (D:5)
  7 gnolls
  A worker ant zombie (D:5)
  2 adders (D:6)
  A shadow imp (D:5)
  An ooze (D:2)
  3 adder skeletons
  3 worms
  3 dart slugs (D:2)
  2 giant geckos
  5 orcs
  4 bats (D:3)
  3 giant cockroaches
  9 goblins
  6 hobgoblins
  13 jackals
  A quokka (D:6)
  A giant newt (D:3)
  3 kobolds
  3 rats
  A fungus (D:5)
91 creatures vanquished.

Vanquished Creatures (collateral kills)
  2 wights (D:4)
  A hound skeleton (D:4)
  A gnoll (D:3)
  A goblin (D:1)
  2 hobgoblins
  A kobold (D:1)
8 creatures vanquished.

Grand Total: 99 creatures vanquished

Notes
Turn   | Place    | Note
--------------------------------------------------------------
     0 | D:1      | Helmschank the Kobold Artificer began the quest for the Orb.
     0 | D:1      | Reached XP level 1. HP: 12/12 MP: 3/3
   501 | D:1      | Reached skill level 2 in Short Blades
   501 | D:1      | Reached XP level 2. HP: 16/16 MP: 4/4
   662 | D:1      | Reached XP level 3. HP: 18/20 MP: 5/5
  1019 | D:1      | Reached skill level 3 in Short Blades
  1533 | D:2      | Reached XP level 4. HP: 16/25 MP: 7/7
  1884 | D:2      | Reached skill level 4 in Short Blades
  1884 | D:2      | Reached skill level 1 in Armour
  1884 | D:2      | Reached XP level 5. HP: 21/29 MP: 8/8
  2984 | D:3      | Found an oddly glowing altar of Pakellas.
  2988 | D:3      | Became a worshipper of Pakellas the Inventive
  3341 | D:4      | Found a blossoming altar of Fedhas.
  3385 | D:4      | Reached skill level 5 in Evocations
  3386 | D:4      | Reached XP level 6. HP: 30/34 MP: 9/9
  3522 | D:4      | Found an opulent altar of Gozag.
  3600 | D:4      | Reached skill level 5 in Short Blades
  3700 | D:4      | Noticed Eustachio
  3782 | D:4      | Killed Eustachio
  3782 | D:4      | Reached skill level 6 in Short Blades
  3782 | D:4      | Reached XP level 7. HP: 6/38 MP: 9/11
  4060 | D:4      | Got a faintly glowing leather armour
  4071 | D:4      | Identified the cursed +1 leather armour of the Journeyman {*Corrode rElec rF+ Stlth+} (You found it on level 4 of the Dungeon)
  4086 | D:4      | Reached skill level 7 in Short Blades
  4251 | D:5      | Entered Level 5 of the Dungeon
  4436 | D:5      | Found Ynioh's Antique Weapon Shop.
  4439 | D:5      | Bought a glowing blowgun for 62 gold pieces
  4439 | D:5      | Bought a runed long sword for 87 gold pieces
  4525 | D:5      | Noticed MagicLamp's ghost (novice TeFE)
  4606 | D:5      | Killed MagicLamp's ghost
  4606 | D:5      | Reached skill level 8 in Short Blades
  4606 | D:5      | Reached XP level 8. HP: 43/43 MP: 12/12
  5123 | D:5      | Reached * piety under Pakellas
  5123 | D:5      | Received a gift from Pakellas
  5618 | D:6      | Reached skill level 9 in Short Blades
  5918 | D:6      | Found a shadowy altar of Dithmenos.
  5930 | D:6      | Found a shattered altar of Ashenzari.
  6039 | D:6      | Got a citrine-encrusted ring mail
  6050 | D:6      | Identified the +0 ring mail of Evolution {Dex+5} (You found it on level 6 of the Dungeon)
  6070 | D:6      | Got a scorched scale mail
  6081 | D:6      | Identified the +0 scale mail "Noaw" {Dex+3} (You found it on level 6 of the Dungeon)
  6635 | D:7      | Found an oddly glowing altar of Pakellas.
  6646 | D:7      | Mangled by an ogre

Skill      XL: |  1  2  3  4  5  6  7  8 |
---------------+-------------------------+-----
Short Blades   | 2 3 4 6 8 9 |  9.7
Dodging        | 3 |  3.1
Evocations     | 4 5 6 7 |  7.0
Armour         | 1 2 3 |  3.9
Fighting       | |  1.1
Stealth        | |  1.3

Action                   |  1- 3 |  4- 6 |  7- 9 || total
-------------------------+-------+-------+-------++-------
Melee: Short sword       |    89 |   167 |   130 ||   386
 Fire: Blowgun           |       |       |     2 ||     2
Throw: Stone             |     7 |    12 |    15 ||    34
Invok: Quick Charge      |       |       |     1 ||     1
Evoke: Wand              |     7 |     9 |    11 ||    27
  Use: Scroll            |       |    11 |     3 ||    14
 Stab: Sleeping          |     2 |     1 |     3 ||     6
       Distracted        |       |     1 |       ||     1
  Eat: Chunk             |    10 |     6 |    10 ||    26
Armor: Leather armour    |     2 |       |    20 ||    22
       Ring mail         |     9 |    61 |       ||    70
Dodge: Dodged            |    59 |   121 |    55 ||   235
